 Dungeon Crawl Stone Soup version 0.26-a0-1191-ge2a0e31ab3 (webtiles) character file.

Game seed: 9432153685367574718

3205 shakesphere1979 the Skirmisher (level 9, -2/79 HPs)
             Began as a Ghoul Warper on Dec 25, 2020.
             Was a Priest of Makhleb.
             Slain by Grum
             ... wielding a -1 spear
              (11 damage)
             ... on level 8 of the Dungeon on Dec 29, 2020.
             The game lasted 00:43:54 (10194 turns).

shakesphere1979 the Skirmisher (Ghoul Warper)      Turns: 10194, Time: 00:43:56

Health: -2/79      AC: 10    Str: 15    XL:     9   Next: 96%
Magic:  16/16      EV: 11    Int: 11    God:    Makhleb [***...]
Gold:   313        SH:  0    Dex:  8    Spells: 15/19 levels left

rFire    + . .     SeeInvis .   a - +4 long sword
rCold    + . .     Faith    .   (no shield)
rNeg     + + +     Spirit   .   w - +2 ring mail of Litu {rF+ Slay+2}
rPois    ∞         Reflect  .   l - +0 helmet
rElec    .         Harm     .   n - +0 cloak
rCorr    .         Rampage  .   p - +0 pair of gloves
Will     .....                  (no boots)
Stlth    ++........             (no amulet)
HPRegen  0.00/turn              (no ring)
MPRegen  0.15/turn              (no ring)

@: no status effects
A: claws 1, cold resistance 1, negative energy resistance 3, inhibited
regeneration, torment resistance, unbreathing
a: Renounce Religion, Minor Destruction, Lesser Servant of Makhleb


You were on level 8 of the Dungeon.
You worshipped Makhleb.
Makhleb was most pleased with you.
You visited 2 branches of the dungeon, and saw 9 of its levels.

You collected 313 gold pieces.

Inventory:

Hand Weapons
 a - a +4 long sword (weapon)
 b - a +3 battleaxe
Missiles
 d - 62 bolts
 g - 219 stones (quivered)
 h - 159 arrows
 i - 53 sling bullets
 D - 4 boomerangs
Armour
 l - a +0 helmet (worn)
 n - a +0 cloak (worn)
 p - a +0 pair of gloves (worn)
 w - the +2 ring mail of Litu (worn) {rF+ Slay+2}
   (You found it on level 4 of the Dungeon)

   It affects your accuracy and damage with ranged weapons and melee attacks
   (+2).
   It protects you from fire.
 C - a +0 kite shield
Jewellery
 e - an uncursed ring of positive energy
Wands
 s - a wand of paralysis (14)
 G - a wand of digging (8)
Scrolls
 k - a scroll of immolation
 r - a scroll of fog
 t - 6 scrolls of identify
 u - a scroll of teleportation
 v - a scroll of magic mapping {unknown}
 y - a scroll of amnesia {unknown}
 A - a scroll of enchant weapon {unknown}
 B - 3 scrolls of remove curse
 F - a scroll of noise {unknown}
Potions
 f - 2 potions of flight
 j - 2 potions of magic
 m - a potion of invisibility {unknown}
 o - 2 potions of brilliance {unknown}
 q - a potion of attraction {unknown}
 x - 5 potions of curing
 z - 2 potions of haste
 E - 2 potions of lignification {unknown}


   Skills:
 + Level 7.4 Fighting
 - Level 0.8 Throwing
 - Level 0.8 Armour
 - Level 4.0 Dodging
 - Level 6.0 Stealth
 - Level 6.0 Unarmed Combat
 + Level 5.7 Spellcasting
 - Level 4.0 Translocations
 - Level 5.0 Invocations


You had 15 spell levels left.
You knew the following spells:

 Your Spells              Type           Power        Failure   Level
a - Blink                 Tloc           N/A          12%         2
b - Ensorcelled Hibernat  Hex/Ice        6%           52%         2

Your spell library contained the following spells:

 Spells                   Type           Power        Failure   Level
 Gell's Gravitas          Tloc           5%           22%         3
 Lesser Beckoning         Tloc           5%           22%         3
 Teleport Other           Tloc           11%          22%         3
 Corona                   Hex            3%           36%         1
 Freeze                   Ice            12%          36%         1
 Magic Dart               Conj           12%          36%         1
 Call Imp                 Summ           3%           52%         2
 Slow                     Hex            3%           52%         2
 Passage of Golubria      Tloc           N/A          58%         4
 Confusing Touch          Hex            3%           75%         3
 Conjure Flame            Conj/Fire      3%           75%         3
 Dazzling Flash           Conj/Hex       6%           75%         3
 Frozen Ramparts          Ice            6%           75%         3
 Mephitic Cloud           Conj/Pois/Air  3%           75%         3
 Ozocubu's Armour         Ice            3%           75%         3
 Tukima's Dance           Hex            3%           75%         3
 Hailstorm                Conj/Ice       3%           98%         4
 Summon Ice Beast         Ice/Summ       3%           98%         4


Dungeon Overview and Level Annotations

Branches:
Dungeon (8/15)             Temple (1/1) D:6            Lair (0/6) D:8

Altars:
Cheibriados
Dithmenos
Elyvilon
Fedhas
Gozag
Hepliaklqana
Kikubaaqudgha
Makhleb
Nemelex Xobeh
Okawaru
Qazlal
Ru
Trog
Uskayaw
Vehumet
Wu Jian
Xom
Yredelemnul
Zin
The Shining One

Shops:
D:6 }

Annotations:
D:8 Grum


Innate Abilities, Weirdness & Mutations

You thrive by killing the living.
You are immune to poison.
You have sharp fingernails.
Your flesh is cold resistant. (rC+)
You are immune to negative energy. (rN+++)
You do not regenerate when monsters are visible.
You are immune to unholy pain and torment.
You can survive without breathing.


Message History

Aim: a wolf (chance to affect: 46%)
The wolf resists with some effort.
The wolf bites you but does no damage.
Grum hits you from afar with a -1 spear.
* * * LOW HITPOINT WARNING * * *
The wolf bites you but does no damage.
Evoke which item? (* to show all) (? for menu, Esc to quit)
Aiming: Paralyse
Press: ? - help, Shift-Dir - straight line, f/p - wolf
Aim: a wolf (chance to affect: 46%)
The wolf resists with some effort.
The wolf closely misses you. Grum hits you but does no damage.
Evoke which item? (* to show all) (? for menu, Esc to quit)
Aiming: Paralyse
Press: ? - help, Shift-Dir - straight line, f/p - wolf
Aim: a wolf (chance to affect: 46%)
The wolf resists with some effort.
The wolf barely misses you. The wolf bites you.
* * * LOW HITPOINT WARNING * * *
Grum hits you from afar with a -1 spear!
You die... ########## #..@hgl..# #############.# ##PPPPPPPPP###.# #PP..PPPPPPP##.#

#PP.>..PPP.P..h#####
####PP..lPPP.....lg.h.#
#..#PPPPP.......#####.#
#.##PP.PP......##
#####.###.....P...##


You could see a komodo dragon, Grum and a wolf.

Vanquished Creatures
  Grinder (D:5)
  Menkaure (D:5)
  An orc warrior (D:7)
  A black bear (D:8)
  A wolf (D:8)
  4 ogres
  2 centaurs (D:7)
  4 bullfrogs
  2 scorpions
  16 wights
  2 howler monkeys (D:5)
  A bullfrog zombie (D:5)
  7 hounds
  2 jellies
  An orc priest (D:7)
  A centaur skeleton (D:6)
  4 orc wizards
  An iguana (D:7)
  5 worker ants
  A hound zombie (D:7)
  A hound skeleton (D:4)
  2 worker ant zombies (D:5)
  8 gnolls
  14 adders
  3 white imps
  An ufetubus (D:8)
  2 oozes
  2 adder skeletons
  2 adder zombies
  3 worms
  2 dart slugs
  3 leopard geckos
  20 orcs
  3 ball pythons
  11 bats
  5 giant cockroaches
  6 goblins
  8 hobgoblins
  13 jackals
  5 kobolds
  4 quokkas
  A ball python skeleton (D:4)
  5 frilled lizards
  A quokka skeleton (D:5)
  A quokka zombie (D:7)
  10 rats
194 creatures vanquished.

Vanquished Creatures (others)
  7 plants
7 creatures vanquished.

Grand Total: 201 creatures vanquished

Notes
Turn   | Place    | Note
-------+----------+-------------------------------------------
     0 | D:1      | shakesphere1979 the Ghoul Warper began the quest for the
                  | Orb.
     0 | D:1      | Reached XP level 1. HP: 17/17 MP: 2/2
   338 | D:1      | Reached XP level 2. HP: 23/25 MP: 3/3
  1349 | D:2      | Reached XP level 3. HP: 30/30 MP: 5/5
  1460 | D:2      | Noticed a bullfrog
  1472 | D:2      | Killed a bullfrog
  1473 | D:2      | Reached skill level 3 in Fighting
  1473 | D:2      | Reached XP level 4. HP: 18/38 MP: 6/6
  1898 | D:2      | Found a shimmering altar of Xom.
  2048 | D:2      | Reached skill level 1 in Stealth
  2553 | D:3      | Reached XP level 5. HP: 45/45 MP: 7/7
  3400 | D:3      | Reached skill level 5 in Unarmed Combat
  3519 | D:3      | Found an ancient bone altar of Kikubaaqudgha.
  3520 | D:3      | Found a burning altar of Makhleb.
  3520 | D:3      | Found a sparkling altar of Nemelex Xobeh.
  3520 | D:3      | Found a glowing golden altar of the Shining One.
  3525 | D:3      | Reached XP level 6. HP: 51/52 MP: 8/8
  3577 | D:3      | Found a snail-covered altar of Cheibriados.
  3577 | D:3      | Found a white marble altar of Elyvilon.
  3638 | D:3      | Became a worshipper of Makhleb the Destroyer
  3679 | D:3      | Found a bloodstained altar of Trog.
  4224 | D:4      | Reached skill level 4 in Fighting
  4348 | D:4      | Got a fine ring mail
  4373 | D:4      | Identified the +2 ring mail of Litu {rF+ Slay+2} (You found
                  | it on level 4 of the Dungeon)
  4547 | D:3      | Reached XP level 7. HP: 35/60 MP: 9/9
  4683 | D:3      | Reached skill level 5 in Fighting
  4687 | D:4      | Upgraded the game from 0.26-a0-1177-g1209ec82b9 to
                  | 0.26-a0-1191-ge2a0e31ab3
  4895 | D:4      | Reached * piety under Makhleb
  5337 | D:5      | Entered Level 5 of the Dungeon
  5337 | D:5      | Noticed Menkaure
  5632 | D:5      | Reached XP level 8. HP: 68/68 MP: 11/11
  5687 | D:5      | You fall into a shaft and drop 1 floor!
  6635 | D:6      | Reached skill level 1 in Invocations
  6739 | D:5      | Reached ** piety under Makhleb
  6859 | D:5      | Noticed Grinder
  6884 | D:5      | Killed Grinder
  6982 | D:5      | Killed Menkaure
  6983 | D:5      | Reached XP level 9. HP: 59/75 MP: 14/14
  7058 | D:5      | Learned a level 2 spell: Blink
  7061 | D:5      | Learned a level 2 spell: Ensorcelled Hibernation
  7180 | D:6      | Found a staircase to the Ecumenical Temple.
  7198 | D:6      | Reached skill level 5 in Stealth
  7212 | Temple   | Entered the Ecumenical Temple
  7428 | D:6      | Found Curph's Gadget Shop.
  7665 | D:6      | Reached skill level 6 in Fighting
  8461 | D:7      | Reached skill level 5 in Spellcasting
  9732 | D:8      | Reached skill level 7 in Fighting
 10167 | D:8      | Found a staircase to the Lair.
 10168 | D:8      | Noticed a komodo dragon
 10177 | D:8      | Noticed Grum
 10191 | D:8      | Reached *** piety under Makhleb
 10192 | D:8      | Reached skill level 5 in Invocations
 10194 | D:8      | Slain by Grum

Illustrated notes

Levels and vault maps discovered:
D:1:      dpeg_arrival_short_road, layout_loops_ring, serial_bayou,
          serial_bayou_pond_e, serial_bayou_crossing, serial_bayou_lagoon_a,
          serial_bayou_lagoon_b
D:2:      layout_basic, lemuel_doored_altar
D:3:      layout_basic, minmay_overflow_temple_hex,
          chequers_serial_rivers_small_3, trog_three_pillars_becter
D:4:      layout_cave_pools
D:5:      layout_loops_ring, uniq_grinder, uniq_menkaure
D:6:      minmay_general_purpose_star, layout_rooms,
          minmay_temple_entry_statues_pillars, serial_shops,
          nicolae_shop_window_shopping, chequers_serial_rivers_large_b
D:7:      layout_loops_cross
D:8:      layout_loops_ring, ashenzari_altar_1, marbit_many_paths,
          david_lair_shrubbed, amethyst_killhole, uniq_grum
Temple:   nicolae_temple_figure_eight

Skill      XL: |  1  2  3  4  5  6  7  8  9 |
---------------+----------------------------+-----
Spellcasting   | 2 4 5 |  5.7
Fighting       | 3 4 5 7 |  7.4
Unarmed Combat | 3 4 5 6 |  6.0
Stealth        | 1 2 3 4 6 |  6.0
Dodging        | 2 4 |  4.0
Translocations | 3 4 |  4.0
Invocations    | 2 5 |  5.0
Throwing       | |  0.8
Armour         | |  0.8

Action                   |  1- 3 |  4- 6 |  7- 9 || total
-------------------------+-------+-------+-------++-------
Melee: Unarmed           |   117 |   271 |   355 ||   743
       Punch             |     1 |     7 |    12 ||    20
       Battleaxe         |       |       |    82 ||    82
       Long sword        |       |       |    71 ||    71
Throw: Boomerang         |       |     5 |       ||     5
       Throwing net      |       |       |     1 ||     1
Evoke: Wand              |       |       |     3 ||     3
  Use: Scroll            |       |     3 |     9 ||    12
       Potion            |       |     1 |     4 ||     5
 Stab: Sleeping          |       |       |     3 ||     3
Armor: Leather armour    |    43 |    87 |       ||   130
       Ring mail         |       |     4 |   259 ||   263
Dodge: Dodged            |    82 |   149 |   347 ||   578
       Rpst.: Long sword |       |       |    28 ||    28

Table legend: (Time is in decaauts)
 A = Elapsed time spent in this place.
 B = Non-inter-level travel time spent in this place.
 C = Inter-level travel time spent in this place.
 D = Time resting spent in this place.
 E = Time spent auto-exploring this place.
 F = Levels seen in this place.
 G = Mean time per level.
                   A        B        C        D        E       F      G
               +--------+--------+--------+--------+--------+-----+--------+
         Total |  10305 |  10086 |    219 |   3255 |   4044 |   9 | 1145.0 |
       Dungeon |  10098 |   9888 |    210 |   3255 |   3863 |   8 | 1262.2 |
        Temple |    206 |    197 |      9 |      0 |    181 |   1 |  206.0 |
               +--------+--------+--------+--------+--------+-----+--------+

Top non-repeatable levels by time:
     D:6: 1801 daAuts
     D:3: 1657 daAuts
     D:7: 1500 daAuts
     D:1: 1337 daAuts
     D:2: 1253 daAuts
     D:4: 1176 daAuts
     D:5: 828 daAuts
     D:8: 544 daAuts
  Temple: 206 daAuts
